AoeStats
← Ghocks

Oasis

508739994Analyzed
4v4 RM · 8d ago on Sep 23, 2026· 27m 14s· 8 players
Game mode
Random Map
Map size
Large (8 player)
Population
200
Speed
Normal
Resources
Standard
Victory
Conquest
Starting age
Dark Age
Ending age
Imperial Age
RankedLock teamsTeams togetherTeam positionsShared explorationLock speedFull tech treeHidden civsTurbo modeCheats
Victory
Defeat
🇧🇷 Saracens · Brazil
1648
+2
🇧🇷 Saxons · Brazil
985
+21
🇧🇷 Magyars · Brazil
973
+21
🇧🇷 Mongols · Brazil
862
+25
🇹🇷 Varangians · Türkiye
1169
-19
🇹🇷 Franks · Türkiye
1160
-19
🇹🇷 Hindustanis · Türkiye
1148
-17
🇹🇷 Tatars · Türkiye
1064
-14
Soldado Raso
6:51 Loom
9:23 Feudal Age
10:04 Double-Bit Axe
11:32 Horse Collar
17:12 Scale Barding Armor
22:10 Castle Age
20:40 Gold Mining
21:01 Bloodlines
23:40 Chain Barding Armor
23:54 Husbandry
24:12 Bow Saw
24:52 Wheelbarrow
PePão
9:15 Loom
11:03 Feudal Age
9:19 Loom
15:28 Castle Age
15:25 Double-Bit Axe
18:13 Wheelbarrow
25:22 Hand Cart
Fs.Khronos
2:21 Loom
9:08 Feudal Age
9:35 Double-Bit Axe
13:31 Fletching
21:18 Castle Age
21:16 Wheelbarrow
20:32 Gold Mining
21:27 Crossbowman
22:02 Bodkin Arrow
25:26 Bow Saw
25:03 Horse Collar
27:36 Padded Archer Armor
28:12 Gold Shaft Mining
27:39 Heavy Plow
27:26 Town Watch
Vai Timão
6:24 Loom
8:57 Feudal Age
9:55 Double-Bit Axe
13:25 Fletching
13:43 Horse Collar
18:15 Wheelbarrow
21:22 Castle Age
22:03 Bodkin Arrow
22:29 Bow Saw
22:43 Thumb Ring
23:16 Padded Archer Armor
23:59 Heavy Plow
24:05 Gold Mining
24:10 Stone Mining
29:18 Imperial Age
Ghocks
12:04 Feudal Age
16:15 Castle Age
14:26 Double-Bit Axe
14:25 Horse Collar
16:55 Loom
dinosah
0:32 Loom
12:05 Feudal Age
baha
8:12 Loom
10:03 Feudal Age
15:19 Castle Age
14:36 Double-Bit Axe
14:35 Horse Collar
19:08 Bow Saw
20:37 Arson
20:52 Squires
narkdight
7:58 Loom
9:52 Feudal Age
17:03 Castle Age
15:40 Double-Bit Axe
19:53 Wheelbarrow
Connection lost

Rejoining the realm…

Still unreachable

The connection could not be restored.

Session expired

The server has moved on; the page needs a fresh start.